 Dungeon Crawl Stone Soup version 0.31-a0-949-g57150269e1 (webtiles) character file.

Game seed: 7737337799424189665

15778 pokeman the Eclecticist (level 12, -27/69 HPs)
             Began as a Deep Elf Hedge Wizard on Oct 22, 2023.
             Was an Elder of Vehumet.
             Annihilated by a dire elephant simulacrum (39 damage)
             ... in an ice cave.
             The game lasted 00:35:16 (14134 turns).

pokeman the Eclecticist (Deep Elf Hedge Wizard)    Turns: 14134, Time: 00:35:18

Health: -27/69     AC: 11    Str:  7    XL:     12   Next: 4%
Magic:  19/34      EV: 11    Int: 25    God:    Vehumet [****..]
Gold:   1797       SH:  0    Dex: 14    Spells: 26/43 levels left

rFire   . . .        a - +2 short sword (venom)
rCold   . . .        (no shield)
rNeg    . . .        L - +0 acid dragon scales
rPois   +            c - +0 hat
rElec   .            p - +1 cloak {rPois}
rCorr   +            v - +1 pair of gloves
SInv    +            (no boots)
Will    +....        e - amulet of the acrobat
Stlth   ++           q - ring of see invisible
HPRegen 0.31/turn    E - ring of wizardry
MPRegen 0.24/turn

%: acrobat, wizardry (x1)
@: no status effects
A: no striking features
a: Renounce Religion


You were in an ice cave.
You worshipped Vehumet.
Vehumet was greatly pleased with you.
You visited 2 branches of the dungeon, and saw 14 of its levels.
You also visited: Ice Cave.

You collected 1797 gold pieces.

Inventory:

Hand Weapons
 a - a +2 short sword of venom (weapon)
Missiles
 G - 5 curare-tipped darts
Armour
 c - a +0 hat (worn)
 p - a +1 cloak of poison resistance (worn)
 v - a +1 pair of gloves (worn)
 L - +0 acid dragon scales (worn)
Magical Staves
 i - a staff of air
 t - a staff of earth
Jewellery
 e - an amulet of the acrobat (around neck)
 q - a ring of see invisible (left hand)
 u - an amulet of faith
 E - a ring of wizardry (right hand)
 I - a +4 ring of protection
Wands
 k - a wand of polymorph (21)
 m - a wand of paralysis (23)
 s - a wand of flame (1)
 w - a wand of roots (14)
 M - a wand of mindburst (10)
Scrolls
 b - 2 scrolls of poison
 g - a scroll of enchant weapon {unknown}
 h - 2 scrolls of blinking
 z - 2 scrolls of noise
 A - 2 scrolls of fog
 B - 3 scrolls of immolation
 C - a scroll of summoning
 D - a scroll of revelation
 F - a scroll of enchant armour {unknown}
 H - 3 scrolls of teleportation {unknown}
 J - a scroll of silence {unknown}
 P - a scroll of fear {unknown}
Potions
 d - 2 potions of magic
 f - 3 potions of heal wounds
 l - 3 potions of haste
 n - 6 potions of lignification
 o - 2 potions of brilliance {unknown}
 r - 8 potions of curing {unknown}
 x - 2 potions of berserk rage {unknown}
 K - a potion of invisibility {unknown}
 N - a potion of might {unknown}
 O - a potion of attraction {unknown}


   Skills:
 + Level 5.9 Fighting
 - Level 4.0 Armour
 - Level 3.0 Dodging
 - Level 3.0 Stealth
 * Level 16.4 Spellcasting
 + Level 9.7 Conjurations
 - Level 1.1 Summonings
 - Level 1.1 Translocations
 - Level 1.1 Air Magic
 + Level 9.3 Earth Magic
 - Level 1.0 Poison Magic
 - Level 1.1 Evocations


You had 26 spell levels left.
You knew the following spells:

 Your Spells              Type           Power      Damage    Failure   Level
a - Magic Dart            Conj           100%       1d8       1%          1
b - Mephitic Cloud        Conj/Pois/Air  40%        N/A       1%          3
c - Call Imp              Summ           52%        N/A       1%          2
d - Blink                 Tloc           52%        N/A       1%          2
e - Airstrike             Air            13%        2d(2-18)  3%          4
f - Iskenderun's Battles  Conj           62%        2d11      1%          5

Your spell library contained the following spells:

 Spells                   Type           Power      Damage    Failure   Level
 Slow                     Hex            80%        N/A       1%          1
 Lesser Beckoning         Tloc           52%        N/A       1%          2
 Momentum Strike          Conj/Tloc      94%        3d10      1%          2
 Passwall                 Tmut/Erth      35%        N/A       1%          2
 Cigotuvi's Dreadful Rot  Necr/Pois/Air  48%        N/A       2%          2
 Ensorcelled Hibernation  Hex/Ice        40%        N/A       2%          2
 Swiftness                Air            26%        N/A       3%          3


Dungeon Overview and Level Annotations

Branches:
Dungeon (13/15)            Temple (1/1) D:4            Lair (0/5) D:8
    Orc (0/2) D:9           IceCv (1/1)
 Vaults: D:13-14

Altars:
Ashenzari
Cheibriados
Dithmenos
Elyvilon
Fedhas
Gozag
Hepliaklqana
Kikubaaqudgha
Makhleb
Nemelex Xobeh
Okawaru
Qazlal
Ru
Sif Muna
Trog
Uskayaw
Vehumet
Wu Jian
Xom
Yredelemnul
Zin
The Shining One

Shops:
D:8 (

Annotations:
D:7 2 transporters, arvidsem's ghost, journeyman VSBr


Message History

Casting: Airstrike (dangerous; 3% risk of failure)
Confirm with . or Enter, or press ? or * to list all spells.
Aiming: Airstrike (dangerous; 3% risk of failure)
Press: ? - help, Dir - move target, f/p - anaconda simulacrum
Aim: an anaconda simulacrum (severely damaged, constricting you, empty space bonus: 5/8)
The air twists around and strikes the anaconda simulacrum!!
The anaconda simulacrum vaporises!
Vehumet accepts your kill.
You feel your power returning.
Casting: Airstrike (dangerous; 3% risk of failure)
Confirm with . or Enter, or press ? or * to list all spells.
Aiming: Airstrike (dangerous; 3% risk of failure)
Press: ? - help, Dir - move target, f - dire elephant simulacrum
Aim: a dire elephant simulacrum (freezing vapour, empty space bonus: 6/8)
The air twists around and strikes the dire elephant simulacrum but does no damage.
Unknown command.
Casting: Airstrike (dangerous; 3% risk of failure)
Confirm with . or Enter, or press ? or * to list all spells.
Aiming: Airstrike (dangerous; 3% risk of failure)
Press: ? - help, Dir - move target, f/p - dire elephant simulacrum
Aim: a dire elephant simulacrum (freezing vapour, empty space bonus: 6/8)
The air twists around and strikes the dire elephant simulacrum.
The dire elephant simulacrum is lightly damaged.
The dire elephant simulacrum tramples you.
You stumble backwards!
Casting: Airstrike (dangerous; 3% risk of failure)
Confirm with . or Enter, or press ? or * to list all spells.
Aiming: Airstrike (dangerous; 3% risk of failure)
Press: ? - help, Dir - move target, f/p - dire elephant simulacrum
Aim: a dire elephant simulacrum (lightly damaged, empty space bonus: 5/8)
The air twists around and strikes the dire elephant simulacrum.
The dire elephant simulacrum is lightly damaged.
The dire elephant simulacrum tramples you!!
* * * LOW HITPOINT WARNING * * *
You hold your ground!
The dire elephant simulacrum trunk-slaps you.
* * * LOW HITPOINT WARNING * * *
The dire elephant simulacrum freezes you!!!
Ouch! That really hurt!
You die...

######
##....###
#.......###
##..###...##
##..###...##
##..###...##
#...###...###
##..#
##...@## ##
###...#
##..Z.#
.###....##
###..#
.......##
...# ....####
...## ...##
..### ..##
.## .## .# ##
##


You could see a dire elephant simulacrum.

Vanquished Creatures
  A death yak (D:8)
  A two-headed ogre (D:9)
  2 ugly things (D:12)
  Maurice (D:8)
  2 gargoyles
  Maggie (D:6)
  2 kobold demonologists (D:11)
  A freezing wraith (IceCv)
  4 unseen horrors (D:11)
  A komodo dragon (D:11)
  An anaconda simulacrum (IceCv)
  4 trolls
  4 slime creatures
  22 yaks
  A dire elephant simulacrum (IceCv)
  3 wyverns
  A wraith (D:12)
  A basilisk (D:8)
  A death yak simulacrum (IceCv)
  A steam dragon (D:10)
  3 water moccasins
  3 orc warriors
  A black bear (D:8)
  An ogre (D:6)
  8 centaurs
  A tengu (D:10)
  Blork the orc (D:6)
  4 kobold brigands
  A cane toad simulacrum (IceCv)
  A gnoll sergeant (D:8)
  2 scorpions
  5 wights (D:10)
  11 killer bees
  4 elephant simulacra (IceCv)
  An electric eel (D:12)
  4 howler monkeys
  A lava snake (D:7)
  A hound (D:5)
  8 orc priests
  2 jellies
  3 iguanas
  A sleepcap (D:4)
  Natasha (thrice) (D:2)
  7 orc wizards
  A polar bear simulacrum (IceCv)
  A spriggan simulacrum (IceCv)
  2 troll simulacra (IceCv)
  A wolf simulacrum (IceCv)
  7 gnolls
  A naga simulacrum (IceCv)
  6 adders
  4 white imps
  4 ufetubi
  3 worms
  2 dart slugs
  41 orcs
  7 bats
  4 endoplasms
  3 giant cockroaches
  5 goblins
  4 hobgoblins
  23 kobolds
  5 quokkas
  4 ball pythons
  5 frilled lizards
  7 rats
272 creatures vanquished.

Vanquished Creatures (collateral kills)
  A death yak simulacrum (IceCv)
  A water moccasin (D:8)
  A killer bee (D:8)
  An orc wizard (D:4)
  A gnoll (D:8)
5 creatures vanquished.

Grand Total: 277 creatures vanquished

Notes
Turn   | Place    | Note
-------+----------+-------------------------------------------
     0 | D:1      | pokeman the Deep Elf Hedge Wizard began the quest for the
                  | Orb.
     0 | D:1      | Reached XP level 1. HP: 10/10 MP: 7/7
   107 | D:1      | Found a faded altar of an unknown god.
   333 | D:1      | Reached XP level 2. HP: 15/15 MP: 7/9
   999 | D:2      | Reached skill level 5 in Spellcasting
  1069 | D:2      | Reached XP level 3. HP: 17/20 MP: 2/11
  1074 | D:2      | Learned a level 3 spell: Mephitic Cloud
  1077 | D:2      | Learned a level 2 spell: Call Imp
  1080 | D:2      | Learned a level 2 spell: Blink
  1168 | D:2      | Noticed Natasha
  1188 | D:2      | Killed Natasha
  1189 | D:2      | Reached skill level 1 in Fighting
  1189 | D:2      | Reached skill level 1 in Armour
  1268 | D:2      | Reached XP level 4. HP: 25/25 MP: 8/13
  1771 | D:2      | Noticed Natasha
  1782 | D:2      | Killed Natasha
  1792 | D:2      | Noticed Natasha
  1811 | D:2      | Killed Natasha
  1812 | D:2      | Reached skill level 6 in Spellcasting
  2233 | D:3      | Reached XP level 5. HP: 29/29 MP: 11/15
  3249 | D:4      | Found a staircase to the Ecumenical Temple.
  3274 | Temple   | Entered the Ecumenical Temple
  3283 | Temple   | Became a worshipper of Vehumet
  3843 | D:5      | Entered Level 5 of the Dungeon
  3977 | D:5      | Reached skill level 1 in Air Magic
  3977 | D:5      | Reached skill level 1 in Earth Magic
  3977 | D:5      | Reached skill level 1 in Evocations
  3977 | D:5      | Reached XP level 6. HP: 31/34 MP: 12/17
  4024 | D:5      | Reached skill level 1 in Poison Magic
  4580 | D:5      | Reached skill level 7 in Spellcasting
  4834 | D:5      | Reached XP level 7. HP: 39/39 MP: 12/19
  5122 | D:6      | Noticed Maggie
  5142 | D:6      | Noticed Blork the orc
  5159 | D:6      | Killed Maggie
  5160 | D:6      | Reached skill level 8 in Spellcasting
  5295 | D:6      | Killed Blork the orc
  5296 | D:6      | Reached XP level 8. HP: 45/45 MP: 7/22
  5425 | D:6      | Found a stormy altar of Qazlal.
  5425 | D:6      | Found an ancient bone altar of Kikubaaqudgha.
  5479 | D:6      | Reached skill level 9 in Spellcasting
  5613 | D:6      | Reached * piety under Vehumet
  5613 | D:6      | Offered knowledge of Shock by Vehumet.
  6374 | D:7      | Found a bloodstained altar of Trog.
  6430 | D:7      | Found a transporter.
  6431 | D:7      | Found a transporter.
  6431 | D:7      | Noticed arvidsem's ghost (journeyman VSBr)
  6467 | D:7      | Found a hazy altar of Hepliaklqana.
  6467 | D:7      | Noticed a gargoyle
  6490 | D:7      | Killed a gargoyle
  6491 | D:7      | Reached skill level 10 in Spellcasting
  6491 | D:7      | Reached skill level 5 in Conjurations
  6644 | D:7      | Found a faded altar of an unknown god.
  6859 | D:8      | Found Quruut's Antique Weapon Shop.
  7038 | D:8      | Found an iron altar of Okawaru.
  7061 | D:8      | Reached XP level 9. HP: 43/49 MP: 18/25
  7088 | D:8      | Reached skill level 5 in Earth Magic
  7427 | D:8      | Noticed Maurice
  7431 | D:8      | Noticed a death yak
  7454 | D:8      | Killed a death yak
  7455 | D:8      | Reached skill level 11 in Spellcasting
  7464 | D:8      | Killed Maurice
  7465 | D:8      | Reached skill level 12 in Spellcasting
  7588 | D:8      | Found a staircase to the Lair.
  7767 | D:8      | Offered knowledge of Freeze by Vehumet.
  7909 | D:8      | Reached ** piety under Vehumet
  7921 | D:8      | Found a broken altar of Ashenzari.
  8125 | D:9      | Reached XP level 10. HP: 45/55 MP: 20/28
  8273 | D:9      | Noticed a two-headed ogre
  8565 | D:9      | Killed a two-headed ogre
  8566 | D:9      | Reached skill level 13 in Spellcasting
  8575 | D:9      | Offered knowledge of Hailstorm by Vehumet.
  8784 | D:9      | Reached *** piety under Vehumet
  9342 | D:9      | Found a staircase to the Orcish Mines.
  9361 | D:10     | Entered Level 10 of the Dungeon
  9613 | D:10     | Offered knowledge of Airstrike by Vehumet.
  9627 | D:10     | Reached skill level 14 in Spellcasting
 10036 | D:10     | Reached XP level 11. HP: 47/61 MP: 21/31
 10101 | D:10     | Found a sparkling altar of Nemelex Xobeh.
 10555 | D:10     | You fall into a shaft and drop 1 floor!
 10820 | D:11     | HP: 3/62 [unseen horror (3)]
 10826 | D:11     | HP: 3/62 [unseen horror (2)]
 11132 | D:10     | Reached skill level 15 in Spellcasting
 11172 | D:10     | Learned a level 4 spell: Airstrike
 11286 | D:11     | Reached **** piety under Vehumet
 11287 | D:11     | Reached skill level 5 in Fighting
 11444 | D:11     | Offered knowledge of Iskenderun's Battlesphere by Vehumet.
 11451 | D:11     | Learned a level 5 spell: Iskenderun's Battlesphere
 12490 | D:12     | Noticed a white ugly thing
 12495 | D:12     | Killed a white ugly thing
 12584 | D:12     | Reached skill level 16 in Spellcasting
 12857 | D:12     | Noticed a white ugly thing
 12891 | D:12     | Killed a white ugly thing
 13243 | D:12     | Identified 2 scrolls of acquirement
 13356 | D:13     | Found a frozen archway.
 13366 | IceCv    | Entered an ice cave
 13515 | IceCv    | Acquired 1000 gold pieces
 13516 | IceCv    | Acquired a +1 cloak of poison resistance
 13951 | IceCv    | Reached XP level 12. HP: 69/69 MP: 15/34
 14134 | IceCv    | Annihilated by a dire elephant simulacrum

Illustrated notes

Levels and vault maps discovered:
D:1:      dpeg_arrival_short_road, layout_rooms,
          hellmonk_ecumenical_altar_lost_god, hex_large, minmay_crystal_room,
          chequers_garden
D:2:      kennysheep_six_static_rooms, layout_basic, minmay_stone_trees_medium,
          uniq_natasha
D:3:      layout_basic, minivault_23, chequers_mini_garden
D:4:      layout_loops_ring, minmay_temple_entry_sparse_star
D:5:      layout_cave_pools
D:6:      layout_basic, nicolae_overflow_two_pavilions, uniq_maggie,
          uniq_blork_the_orc
D:7:      layout_rooms, beargit_hepliaklqana_dungeon_heroes,
          mainiacjoe_overflow_catwalk, gammafunk_ghost_smash,
          nicolae_concentric_dashed_squares_mild,
          nicolae_kite_square_tiling_tiny
D:8:      layout_loops_corners, okawaru_trees_1, mainiacjoe_overflow_alcove_1,
          david_lair_generic, serial_shops, shop, uniq_maurice
D:9:      layout_cave_pools, hiddenorc1_lemuel
D:10:     layout_basic, nemelex_diamond_rough_becter
D:11:     layout_big_octagon, roderic_serpentine_path
D:12:     cheibrodos_helix_gallery, layout_long_grid
D:13:     layout_layer_cave, hellmonk_vaults_keyhole, serial_ice, serial_ice_b,
          serial_ice_o, serial_ice_m, serial_ice_i,
          portal_ice_cave_entry_pillars_2, kennysheep_generic_room_3
Temple:   eino_wide_crystal_templ
IceCv:    ice_cave_small_necro

Skill      XL: |  1  2  3  4  5  6  7  8  9 10 11 |
---------------+----------------------------------+-----
Spellcasting   | 5 6 7 8 10 12 14 16 | 16.4
Fighting       | 1 2 4 5 |  5.9
Armour         | 1 3 4 |  4.0
Conjurations   | 2 3 4 5 7 8 9 |  9.7
Stealth        | 3 |  3.0
Dodging        | 3 |  3.0
Air Magic      | 1 |  1.1
Earth Magic    | 1 2 3 4 6 7 9 |  9.3
Evocations     | 1 |  1.1
Poison Magic   | 1 |  1.0
Summonings     | |  1.1
Translocations | |  1.1

Action                     |  1- 3 |  4- 6 |  7- 9 | 10-12 || total
---------------------------+-------+-------+-------+-------++-------
  Melee: Dagger            |     8 |    44 |       |       ||    52
         Spear             |       |     9 |       |       ||     9
         Punch             |       |     1 |     4 |     3 ||     8
         Short sword       |       |       |   101 |   242 ||   343
   Cast: Magic Dart        |    69 |   175 |    83 |   177 ||   504
         Mephitic Cloud    |     1 |    12 |    31 |    58 ||   102
         Blink             |       |     6 |     3 |     6 ||    15
         Call Imp          |       |     4 |     3 |     7 ||    14
         Airstrike         |       |       |       |    92 ||    92
         Iskenderun's Batt |       |       |       |     2 ||     2
  Evoke: Wand              |       |       |     8 |    18 ||    26
    Use: Scroll            |       |       |       |    13 ||    13
         Potion            |       |       |       |     1 ||     1
   Stab: Confused          |       |     4 |    18 |    39 ||    61
         Paralysed         |       |       |     3 |       ||     3
 Armour: Robe              |     9 |    67 |     3 |       ||    79
         Steam dragon scal |       |       |    60 |   179 ||   239
         Acid dragon scale |       |       |       |    17 ||    17
  Dodge: Dodged            |    17 |    88 |    76 |   295 ||   476

Table legend: (Time is in decaauts)
 A = Elapsed time spent in this place.
 B = Non-inter-level travel time spent in this place.
 C = Inter-level travel time spent in this place.
 D = Time resting spent in this place.
 E = Time spent auto-exploring this place.
 F = Levels seen in this place.
 G = Mean time per level.
                   A        B        C        D        E       F      G
               +--------+--------+--------+--------+--------+-----+--------+
         Total |  14145 |  13699 |    446 |    749 |  10366 |  15 |  943.0 |
       Dungeon |  13358 |  12920 |    438 |    618 |   9877 |  13 | 1027.5 |
        Temple |     18 |     10 |      8 |      0 |      0 |   1 |   18.0 |
      Ice Cave |    767 |    767 |      0 |    131 |    489 |   1 |  767.0 |
               +--------+--------+--------+--------+--------+-----+--------+

Top non-repeatable levels by time:
    D:10: 1717 daAuts
     D:2: 1502 daAuts
     D:8: 1391 daAuts
     D:9: 1274 daAuts
    D:12: 1129 daAuts
    D:11: 1121 daAuts
     D:4: 1100 daAuts
     D:5: 960 daAuts
     D:3: 911 daAuts
     D:6: 768 daAuts
   IceCv: 767 daAuts
     D:1: 731 daAuts
     D:7: 708 daAuts
    D:13: 40 daAuts
  Temple: 18 daAuts
